 Dungeon Crawl Stone Soup version 0.27-a0-1060-gcb85b5eba1 (webtiles) character file.

Game seed: 15397817037970678204

20 kae the Insei (level 2, 0/21 HPs)
             Began as a Merfolk Transmuter on Apr 21, 2021.
             Slain by a goblin
             ... wielding a +0 club
              (4 damage)
             ... on level 2 of the Dungeon.
             The game lasted 00:00:38 (1239 turns).

kae the Insei (Merfolk Transmuter)                  Turns: 1239, Time: 00:00:39

Health: 0/21       AC:  2    Str: 10    XL:     2   Next: 79%
Magic:  5/5        EV: 13    Int: 12    God:
Gold:   19         SH:  0    Dex: 14    Spells: 4/5 levels left

rFire    . . .     SeeInvis .   g - +0 spear
rCold    . . .     Faith    .   (no shield)
rNeg     . . .     Spirit   .   a - +0 robe
rPois    .         Reflect  .   (helmet currently unavailable)
rElec    .         Harm     .   (no cloak)
rCorr    .         Rampage  .   (no gloves)
Will     .....                  (boots currently unavailable)
Stlth    +.........             (no amulet)
HPRegen  0.07/turn              (no ring)
MPRegen  0.09/turn              (no ring)

@: appendages (expiring)
A: horns 2, (nimble swimmer 2), mertail
a: End Transformation


You were on level 2 of the Dungeon.
You had temporarily grown beastly horns.
You visited 1 branch of the dungeon, and saw 2 of its levels.

You collected 19 gold pieces.

Inventory:

Hand Weapons
 g - a +0 spear (weapon)
Armour
 a - a +0 robe (worn)
Jewellery
 b - a +6 ring of intelligence
Potions
 c - a potion of flight
 e - a potion of degeneration {unknown}


   Skills:
 + Level 1.5 Fighting
 + Level 2.9 Dodging
 * Level 3.6 Unarmed Combat
 + Level 2.2 Spellcasting
 * Level 3.2 Transmutations


You had 4 spell levels left.
You knew the following spells:

 Your Spells              Type           Power      Damage    Failure   Level
a - Beastly Appendage     Tmut           18%        N/A       7%          1

Your spell library contained the following spells:

 Spells                   Type           Power      Damage    Failure   Level
 Wereblood                Tmut           9%         N/A       11%         2
 Spider Form              Tmut/Pois      2%         N/A       38%         3
 Ice Form                 Ice/Tmut       5%         N/A       80%         4
 Hydra Form               Tmut           4%         N/A       89%         5


Dungeon Overview and Level Annotations

Branches:
Dungeon (2/15)

Altars:


Innate Abilities, Weirdness & Mutations

You have temporarily grown beastly horns.
((You are quick and stealthy near water. (Stealth+, EV+, Speed+++)))
Your lower body shifts to a powerful aquatic tail in water.


Message History

The jackal barks!
A jackal comes into view.
You completely miss the jackal. The jackal bites you.
The jackal bites you but does no damage.
You hit the jackal. Your headbutt misses the jackal.
The jackal is severely wounded.
A goblin comes into view. It is wielding a +0 club.
You closely miss the jackal.
The jackal is severely wounded.
The jackal bites you but does no damage.
The jackal barely misses you. The jackal bites you. x2
You hit the jackal.
The jackal is almost dead.
The jackal closely misses you. x2
You closely miss the jackal.
The jackal is almost dead.
The jackal bites you but does no damage.
The jackal bites you. The goblin barely misses you.
The jackal closely misses you. The jackal bites you.
You hit the jackal.
You kill the jackal!
The jackal closely misses you. The goblin misses you.
You completely miss the jackal. The jackal bites you.
The goblin closely misses you. The jackal closely misses you.
You are too injured to fight recklessly!
You are too injured to fight recklessly!
You are too injured to fight recklessly!
You closely miss the goblin. Your headbutt misses the goblin.
Your transformation is almost over.
The goblin barely misses you. The jackal bites you.
You hit the goblin but do no damage. The jackal closely misses you.
The goblin hits you with a +0 club. The jackal closely misses you.
The goblin misses you.
You hit the goblin but do no damage. The jackal bites you.
* * * LOW HITPOINT WARNING * * *
The goblin hits you with a +0 club.
* * * LOW HITPOINT WARNING * * *
You miss the goblin. Your headbutt misses the goblin. The jackal misses you. x2
The goblin hits you with a +0 club.
You die...

####
####...#########
....<.h†........
#@.########
##g........
##..###### #...#
...... #####..#
..# ... ..


You could see a jackal and a goblin.

Vanquished Creatures
  A dart slug (D:1)
  2 bats (D:1)
  An endoplasm (D:1)
  A giant cockroach (D:1)
  2 goblins (D:1)
  5 jackals
  A frilled lizard (D:1)
  A kobold (D:1)
  A rat (D:1)
15 creatures vanquished.

Notes
Turn   | Place    | Note
-------+----------+-------------------------------------------
     0 | D:1      | kae the Merfolk Transmuter began the quest for the Orb.
     0 | D:1      | Reached XP level 1. HP: 15/15 MP: 3/3
   239 | D:1      | Reached XP level 2. HP: 16/21 MP: 3/5
  1239 | D:2      | Slain by a goblin

Illustrated notes

Levels and vault maps discovered:
D:1:      minmay_arrival_up_and_down, layout_basic, serial_forest,
          infiniplex_forest_end_2, infiniplex_forest_lined_ring,
          infiniplex_forest_corner_1, infiniplex_forest_lined_ring,
          infiniplex_forest_lined_corner, infiniplex_forest_lined_4_way,
          minmay_pentomino_z2
D:2:      layout_rooms, hellmonk_ecumenical_altar_run_dry, st_stairs_7,
          minmay_distorted

Skill      XL: |  1 |
---------------+----+-----
Transmutations | 3 |  3.2
Fighting       | |  1.5
Dodging        | |  2.9
Unarmed Combat | |  3.6
Spellcasting   | |  2.2

Action                   || total
-------------------------++-------
Melee: Unarmed           ||    47
       Headbutt          ||     7
       Spear             ||    11
       Punch             ||     1
 Cast: Beastly Appendage ||    12
  Use: Scroll            ||     2
Armor: Robe              ||    12
Dodge: Dodged            ||    55

Table legend: (Time is in decaauts)
 A = Elapsed time spent in this place.
 B = Non-inter-level travel time spent in this place.
 C = Inter-level travel time spent in this place.
 D = Time resting spent in this place.
 E = Time spent auto-exploring this place.
 F = Levels seen in this place.
 G = Mean time per level.
                   A        B        C        D        E       F      G
               +--------+--------+--------+--------+--------+-----+--------+
         Total |   1236 |   1187 |     49 |    142 |    903 |   2 |  618.0 |
       Dungeon |   1236 |   1187 |     49 |    142 |    903 |   2 |  618.0 |
               +--------+--------+--------+--------+--------+-----+--------+

Top non-repeatable levels by time:
     D:1: 1216 daAuts
     D:2: 19 daAuts
